 Dungeon Crawl Stone Soup version 0.21-a0-150-gc243083 (webtiles) character file.

2500 Duffy the Destroyer (level 9, -4/64 HPs)
             Began as an Octopode Wizard on July 27, 2017.
             Was an Initiate of Vehumet.
             Slain by a hippogriff (7 damage)
             ... on level 8 of the Dungeon.
             The game lasted 00:12:27 (9561 turns).

Duffy the Destroyer (Octopode Wizard)               Turns: 9561, Time: 00:12:28

Health: -4/64      AC:  1    Str:  6    XL:     9   Next: 53%
Magic:  19/26      EV: 13    Int: 26    God:    Vehumet [......]
Gold:   458        SH:  0    Dex: 10    Spells: 8/18 levels left

rFire    . . .     SeeInvis +   I - staff of cold
rCold    + . .     Gourm    .   (no shield)
rNeg     . . .     Faith    .   a - +0 hat
rPois    .         Spirit   .   t - amulet of regeneration
rElec    .         Reflect  .   p - ring of magical power
rCorr    .         Harm     .   (no ring)
MR       .....                  (no ring)
Stlth    +++.......             (no ring)
HPRegen  0.60/turn              (no ring)
MPRegen  0.20/turn              (no ring)
                                (no ring)
                                (no ring)

@: no status effects
A: almost no armour, stealthy swim, amphibious, 8 rings, constrict 8, camouflage
1, see invisible, clever 1, gelatinous body 1
a: Renounce Religion


You were on level 8 of the Dungeon.
You worshipped Vehumet.
Vehumet was noncommittal.
You were not hungry.

You visited 2 branches of the dungeon, and saw 9 of its levels.

You collected 458 gold pieces.

Inventory:

Hand Weapons
 h - a +0 short sword
 r - a +1 dagger of venom
 u - a +1 hand axe of venom
Missiles
 G - a throwing net (quivered)
Armour
 a - a +0 hat (worn)
Magical Staves
 I - an uncursed staff of cold (weapon)
Jewellery
 p - a ring of magical power (left tentacle)
 t - an amulet of regeneration (around mantle)
 E - an uncursed ring of ice
Wands
 y - a wand of acid (9/15)
Scrolls
 d - 5 scrolls of remove curse {unknown}
 f - a scroll of noise {unknown}
 g - 2 scrolls of magic mapping {unknown}
 m - 7 scrolls of teleportation {unknown}
 n - 3 scrolls of fog {unknown}
 o - a scroll of enchant weapon {unknown}
 v - a scroll of immolation {unknown}
 w - a scroll of blinking {unknown}
 B - a scroll of amnesia {unknown}
 D - a scroll of holy word {unknown}
 H - a scroll of fear {unknown}
 J - 3 scrolls of identify
Potions
 e - a potion of flight {unknown}
 k - 2 potions of agility
 l - 2 potions of brilliance
 q - a potion of ambrosia
 s - a potion of haste
 A - a potion of lignification {unknown}
 F - a potion of mutation {unknown}
Books
 b - a book of Minor Magic

   Spells                             Type                      Level
   a - Magic Dart                     Conjuration                  1
   b - Blink                          Translocation                2
   c - Call Imp                       Summoning                    2
   d - Slow                           Hexes                        2
   e - Conjure Flame                  Conjuration/Fire             3
   f - Mephitic Cloud                 Conjuration/Poison/Air       3
 x - a book of Maledictions

   Spells                             Type                      Level
   a - Corona                         Hexes                        1
   b - Ensorcelled Hibernation        Hexes/Ice                    2
   c - Confuse                        Hexes                        3
   d - Tukima's Dance                 Hexes                        3
   e - Dazzling Spray                 Conjuration/Hexes            3
 C - a book of Cantrips

   Spells                             Type                      Level
   a - Confusing Touch                Hexes                        1
   b - Animate Skeleton               Necromancy                   1
   c - Summon Small Mammal            Summoning                    1
   d - Apportation                    Translocation                1
Comestibles
 c - 5 bread rations
 i - 7 fruits
 j - 6 meat rations
 z - 3 royal jellies
 K - 11 chunks of flesh


   Skills:
 + Level 7.5 Fighting
 - Level 2.0 Dodging
 - Level 2.6 Stealth
 - Level 5.4 Spellcasting
 + Level 8.7 Conjurations
   Level 1.0 Summonings
 - Level 1.0 Translocations


You had 8 spell levels left.
You knew the following spells:

 Your Spells              Type           Power        Failure   Level  Hunger
a - Magic Dart            Conj           ####         1%          1    None
k - Mephitic Cloud        Conj/Pois/Air  ###.....     7%          3    #......
l - Conjure Flame         Conj/Fire      ####....     3%          3    #......
u - Apportation           Tloc           ##....       4%          1    None
B - Blink                 Tloc           N/A          8%          2    None


Dungeon Overview and Level Annotations

Branches:
Dungeon (8/15)             Temple (1/1) D:7
   Lair: D:8-11

Altars:
Ashenzari
Cheibriados
Dithmenos
Elyvilon
Fedhas
Gozag
Hepliaklqana
Kikubaaqudgha
Makhleb
Nemelex Xobeh
Okawaru
Qazlal
Ru
Sif Muna
Trog
Uskayaw
Vehumet
Wu Jian
Xom
Yredelemnul
Zin
The Shining One

Shops:
D:4 [

Annotations:
D:3 Wingboner's ghost, amateur DsTm
D:4 Grinder


Innate Abilities, Weirdness & Mutations

You cannot wear most types of armour.
You are very stealthy in the water. (Stealth+)
You are amphibious.
You can wear up to eight rings at the same time.
You can use your tentacles to constrict eight enemies at once.
Your skin changes colour to match your surroundings (Stealth+).
Your rubbery body absorbs attacks. (AC +1, EV +1)
You have supernaturally acute eyesight. (SInv)
Your mind is acute. (Int +2)


Message History

The magic dart hits the orc.
The orc is heavily wounded.
The orc hits you with a whip.
Cast which spell? (? or * to list)
Aiming: Magic Dart
Press: ? - help, Shift-Dir - straight line, f/p - orc
Aim: an orc, wielding a whip and wearing a ring mail (heavily wounded)
The magic dart hits the orc.
The orc is severely wounded.
The orc hits you with a whip.
Cast which spell? (? or * to list)
Aiming: Magic Dart
Press: ? - help, Shift-Dir - straight line, f/p - orc
Aim: an orc, wielding a whip and wearing a ring mail (severely wounded)
The magic dart hits the orc.
You kill the orc!
Vehumet accepts your kill. The hippogriff barely misses you.
The hippogriff pecks you. The hippogriff claws you!
You die...

# ......7 77.......#
#......7 7.7......# #..
7777777..#
#..77777777777777..#
#......7. 7.7......#
#.......7777.......#
#........77........#
#.......77....H..##
###......77....)@##
.###.....77.%...###
...##.(........##.#
....##........##.##
##...####''####..########
####.......###..).......
####....(..).........
###(......[.......
##...)..........


You could see a hippogriff.

Vanquished Creatures
  A sky beast (D:5)
  A black bear (D:5)
  3 ice beasts
  An orc warrior (D:5)
  A phantom (D:4)
  3 ogres
  3 bullfrogs
  A water moccasin zombie (D:6)
  2 scorpions
  8 wights
  2 crimson imps
  A centaur zombie (D:6)
  A bullfrog zombie (D:6)
  A bullfrog skeleton (D:4)
  2 hounds
  3 jellies (D:6)
  5 orc wizards
  A centaur skeleton (D:7)
  An orc priest (D:5)
  Jessica (D:2)
  An iguana (D:5)
  3 worker ants
  A hound skeleton (D:6)
  A worker ant zombie (D:5)
  5 gnolls
  9 adders
  An adder skeleton (D:5)
  A dart slug (D:1)
  4 leopard geckos
  36 orcs
  2 ball pythons
  7 bats
  4 giant cockroaches
  6 goblins
  7 hobgoblins
  12 jackals
  3 quokkas
  2 frilled lizards (D:3)
  2 gnoll zombies (D:6)
  8 kobolds
  A quokka zombie (D:6)
  7 rats
165 creatures vanquished.

Notes
Turn   | Place    | Note
-------+----------+-------------------------------------------
     0 | D:1      | Duffy the Octopode Wizard began the quest for the Orb.
     0 | D:1      | Reached XP level 1. HP: 11/11 MP: 4/4
   413 | D:1      | Reached XP level 2. HP: 8/17 MP: 1/6
   732 | D:1      | Reached skill level 2 in Conjurations
   769 | D:1      | Reached XP level 3. HP: 18/21 MP: 0/8
  1501 | D:1      | Learned a level 2 spell: Blink
  1505 | D:1      | Learned a level 3 spell: Conjure Flame
  1509 | D:1      | Learned a level 3 spell: Mephitic Cloud
  1602 | D:2      | Found an opulent altar of Gozag.
  1710 | D:2      | Reached XP level 4. HP: 3/27 MP: 0/10
  2156 | D:2      | Noticed Jessica
  2170 | D:2      | Killed Jessica
  3002 | D:3      | Reached skill level 3 in Conjurations
  3002 | D:3      | Reached XP level 5. HP: 31/31 MP: 11/11
  3105 | D:3      | Found a sparkling altar of Nemelex Xobeh.
  3865 | D:4      | Noticed an ogre
  3935 | D:3      | Noticed Wingboner's ghost (amateur DsTm)
  4182 | D:4      | Killed an ogre
  4182 | D:4      | Reached XP level 6. HP: 36/36 MP: 2/13
  4268 | D:4      | Reached skill level 5 in Spellcasting
  4268 | D:4      | Reached skill level 4 in Conjurations
  4300 | D:4      | Found Niog Xuwkot's Armour Shoppe.
  4481 | D:4      | Noticed a phantom
  4501 | D:4      | Killed a phantom
  4729 | D:4      | Reached skill level 1 in Fighting
  4729 | D:4      | Reached XP level 7. HP: 43/43 MP: 15/15
  4819 | D:4      | Noticed Grinder
  4919 | D:5      | Entered Level 5 of the Dungeon
  5061 | D:5      | Reached skill level 5 in Conjurations
  5544 | D:5      | Learned a level 1 spell: Apportation
  5736 | D:5      | Gained mutation: Your mind is acute. (Int +2) [mutagenic meat]
  5738 | D:5      | Gained mutation: One of your tentacles bears a spike. [mutagenic meat]
  5740 | D:5      | Lost mutation: One of your tentacles bears a spike. [mutagenic meat]
  5741 | D:5      | Gained mutation: You have supernaturally acute eyesight. (SInv) [mutagenic meat]
  5994 | D:6      | Reached XP level 8. HP: 42/53 MP: 16/16
  6014 | D:5      | Reached skill level 6 in Conjurations
  6346 | D:6      | Found a basalt altar of Yredelemnul.
  6508 | D:6      | Reached skill level 5 in Fighting
  6594 | D:6      | Reached skill level 7 in Conjurations
  7032 | D:6      | Reached XP level 9. HP: 62/62 MP: 7/17
  7448 | D:5      | Reached skill level 8 in Conjurations
  7779 | D:6      | Found a stormy altar of Qazlal.
  7941 | D:7      | Found a sparkling altar of Nemelex Xobeh.
  8033 | D:7      | Found a staircase to the Ecumenical Temple.
  8043 | Temple   | Entered the Ecumenical Temple
  8253 | Temple   | Became a worshipper of Vehumet
  8360 | D:7      | Found a stormy altar of Qazlal.
  8385 | D:7      | Found a shattered altar of Ashenzari.
  8406 | D:7      | Found a sparkling altar of Nemelex Xobeh.
  9157 | D:7      | Found an ornate altar of the Wu Jian Council.
  9281 | D:7      | Found a blossoming altar of Fedhas.
  9324 | D:7      | Found a burning altar of Makhleb.
  9561 | D:8      | HP: 3/64 [hippogriff (2)]
  9561 | D:8      | Slain by a hippogriff

Vault maps used:
D:1:      ncdulo_wetmaze, due_unseen_surprise
D:2:      first_bread, corexii_leaking_fountain, grunt_gozag_statues,
          uniq_jessica
D:3:      serial_curves, eino_curves_02, eino_curves_04,
          nemelex_lonely_heart_becter
D:4:      serial_shops, nicolae_shop_statue_plus, serial_park_tiny_2,
          uniq_grinder
D:5:      minmay_misc_feat_hallway
D:6:      lemuel_zombie_altar_yredelemnul, lemuel_tele_altar
D:7:      kennysheep_mini, fedhas_altar_4, nicolae_overflow_quartered_altars,
          minmay_temple_entry_trees, basic_altar
D:8:      hangedman_little_slice_of_home, kennysheep_cross_room
Temple:   regret_index_temple_generic_petals

Skill      XL: |  1  2  3  4  5  6  7  8  9 |
---------------+----------------------------+-----
Conjurations   | 2 3 4 5 7 8 |  8.7
Spellcasting   | 4 5 |  5.4
Fighting       | 1 3 6 7 |  7.5
Dodging        | |  2.0
Stealth        | |  2.6
Summonings     | |  1.0
Translocations | |  1.0

Action                   |  1- 3 |  4- 6 |  7- 9 || total
-------------------------+-------+-------+-------++-------
Melee: Short sword       |    13 |       |       ||    13
       Constrict         |     3 |     9 |    14 ||    26
       Tentacles         |     1 |     6 |     8 ||    15
       Dagger            |       |    33 |    44 ||    77
       Staff             |       |       |     5 ||     5
 Cast: Magic Dart        |    77 |   137 |   375 ||   589
       Blink             |       |     6 |     7 ||    13
       Conjure Flame     |       |     3 |    23 ||    26
       Mephitic Cloud    |       |       |     3 ||     3
  Use: Potion            |     1 |     1 |       ||     2
       Scroll            |       |     4 |     2 ||     6
 Stab: Sleeping          |       |     2 |       ||     2
  Eat: Chunk             |     2 |    10 |    21 ||    33
Armor: Skin              |     2 |     2 |     1 ||     5
Dodge: Dodged            |    27 |    36 |   106 ||   169
